 Dungeon Crawl Stone Soup version 0.25-a0-631-gc915619 (webtiles) character file.

Game seed: 13325012490863601720, levelgen mode: deterministic

569 BlueFish the Covert (level 7, 0/45 HPs)
             Began as an Octopode Assassin on Mar 18, 2020.
             Slain by Dowan
             ... wielding a cursed +0 dagger
              (3 damage)
             ... on level 4 of the Dungeon.
             The game lasted 00:09:37 (3124 turns).

BlueFish the Covert (Octopode Assassin)             Turns: 3124, Time: 00:09:37

Health: 0/45       AC:  1    Str: 10    XL:     7   Next: 33%
Magic:  7/7        EV: 14    Int: 14    God:
Gold:   80         SH:  0    Dex: 15    Spells: 6/6 levels left

rFire    x . .     SeeInvis +   h - +0 dagger (drain)
rCold    + . .     Gourm    .   (no shield)
rNeg     + . .     Faith    .   (helmet restricted)
rPois    .         Spirit   .   (no amulet)
rElec    .         Reflect  .   m - ring of flight
rCorr    .         Harm     .   x - ring "Ewuyn" {Ice rN+ SInv}
MR       .....                  (no ring)
Stlth    +++++.....             (no ring)
HPRegen  0.15/turn              (no ring)
MPRegen  0.10/turn              (no ring)
                                (no ring)
                                (no ring)

@: no status effects
A: almost no armour, stealthy swim, amphibious, 8 rings, constrict 8, camouflage
1, gelatinous body 1
a: Evoke Flight


You were on level 4 of the Dungeon.
You were not hungry.

You visited 1 branch of the dungeon, and saw 4 of its levels.

You collected 195 gold pieces.
You spent 115 gold pieces at shops.

Inventory:

Hand Weapons
 a - a +2 dagger
 h - a +0 dagger of draining (weapon)
Missiles
 b - 21 poisoned darts (quivered)
 c - 8 curare-tipped darts
 i - 5 boomerangs
Jewellery
 m - a ring of flight (left tentacle)
 x - the ring "Ewuyn" (right tentacle) {Ice rN+ SInv}
   (You bought it in a shop on level 4 of the Dungeon)

   [ring of ice]

   It enhances your ice magic.
   It makes you vulnerable to fire.
   It protects you from cold.
   It protects you from negative energy.
   It lets you see invisible.
Wands
 t - a wand of paralysis (6)
Scrolls
 j - 2 scrolls of remove curse
 p - a scroll of teleportation
 s - a scroll of blinking {unknown}
 u - a scroll of magic mapping {unknown}
 v - a scroll of identify
Potions
 e - 2 potions of magic
 g - 2 potions of brilliance
 k - 2 potions of lignification {unknown}
 l - 3 potions of flight
 n - a potion of mutation {unknown}
 o - 2 potions of curing
 q - a potion of haste {unknown}
 r - 2 potions of heal wounds {unknown}
 w - a potion of invisibility {unknown}
Comestibles
 d - 8 rations


   Skills:
 + Level 2.6 Fighting
 * Level 3.8 Short Blades
 * Level 3.1 Throwing
 * Level 2.2 Dodging
 * Level 9.6 Stealth


You had 6 spell levels left.
You didn't know any spells.
Your spell library was empty.

Dungeon Overview and Level Annotations

Branches:
Dungeon (4/15)
 Temple: D:4-7

Altars:
Cheibriados

Shops:
D:4 *

Annotations:
D:4 Dowan


Innate Abilities, Weirdness & Mutations

You cannot wear most types of armour.
You are very stealthy in the water. (Stealth+)
You are amphibious.
You can wear up to eight rings at the same time.
You can use your tentacles to constrict eight enemies at once.
Your skin changes colour to match your surroundings (Stealth+).
Your rubbery body absorbs attacks. (AC +1, EV +1)


Message History

Dowan mumbles some strange words.
Dowan blinks!
As you read the scroll labeled WAFUAC HAYNOA, it crumbles to dust.
You feel strangely unstable.
It was a scroll of teleportation.
The hound bites you.
* * * LOW HITPOINT WARNING * * *
You barely miss the hound. You grab the hound.
You constrict the hound, but do no damage.
The hound bites you.
* * * LOW HITPOINT WARNING * * *
The hound barely misses you.
You hit the hound. You squeeze the hound!
The hound is almost dead.
You constrict the hound. The hound bites you.
* * * LOW HITPOINT WARNING * * *
You hit the hound.
You kill the hound!
Your surroundings suddenly seem different.
Dowan hits you with a cursed +0 dagger.
You die...

.....................#.
...... ##§§.........#
......####§§.......#.#
.......s§§§######### #
......†§#######
..#.<§§§§§.....
.....§§§....!..
...##..e....... ##
#...@.......
#.#....>##..
....###..... .....
..... ....... ...
)...>.. .$ ....... .
.......


You could see Dowan.

Vanquished Creatures
  Menkaure (D:4)
  Duvessa (D:4)
  A scorpion (D:4)
  2 crimson imps
  A hound (D:4)
  A howler monkey zombie (D:4)
  11 adders
  4 worms
  2 dart slugs
  4 leopard geckos
  An orc (D:3)
  4 ball pythons
  2 giant cockroaches
  14 goblins
  8 hobgoblins
  3 jackals (D:2)
  8 kobolds
  2 quokkas
  5 bats
  3 frilled lizards
  10 rats
88 creatures vanquished.

Notes
Turn   | Place    | Note
-------+----------+-------------------------------------------
     0 | D:1      | BlueFish the Octopode Assassin began the quest for the Orb.
     0 | D:1      | Reached XP level 1. HP: 14/14 MP: 1/1
    67 | D:1      | Reached XP level 2. HP: 17/19 MP: 2/2
    79 | D:1      | Reached skill level 6 in Stealth
   521 | D:1      | Found a snail-covered altar of Cheibriados.
   531 | D:1      | Reached XP level 3. HP: 24/24 MP: 3/3
  1029 | D:2      | Reached XP level 4. HP: 25/29 MP: 4/4
  1082 | D:2      | Reached skill level 7 in Stealth
  1592 | D:2      | Reached XP level 5. HP: 27/34 MP: 5/5
  2295 | D:3      | Reached skill level 8 in Stealth
  2789 | D:3      | Reached XP level 6. HP: 39/39 MP: 6/6
  2871 | D:4      | Noticed Menkaure
  2930 | D:4      | Found Icaelir's Assorted Antiques.
  2946 | D:4      | Killed Menkaure
  3030 | D:4      | Reached skill level 9 in Stealth
  3080 | D:4      | Bought a wavering platinum ring for 115 gold pieces
  3080 | D:4      | Identified the ring "Ewuyn" {Ice rN+ SInv} (You bought it
                  | in a shop on level 4 of the Dungeon)
  3106 | D:4      | Noticed Duvessa
  3110 | D:4      | Noticed Dowan
  3111 | D:4      | Killed Duvessa
  3111 | D:4      | Reached XP level 7. HP: 43/45 MP: 7/7
  3124 | D:4      | Slain by Dowan

Levels and vault maps discovered:
D:1:      eino_arrival_druids_welcome, layout_loops_ring, cheibriados_altar_1
D:2:      minmay_recursive_quarters, layout_rooms
D:3:      layout_basic, serial_rivers, chequers_serial_rivers_micro_a,
          chequers_serial_rivers_room_a, chequers_serial_rivers_large_b,
          chequers_serial_rivers_small_3, chequers_serial_rivers_micro_b
D:4:      layout_rooms, serial_shops,
          nicolae_shop_temple_entry_statues_fountains,
          minmay_misc_feat_nine_boxes, lemuel_flame_loot_1, uniq_natasha,
          uniq_menkaure, uniq_crazy_yiuf_cottage, uniq_duvessa

Skill      XL: |  1  2  3  4  5  6 |
---------------+-------------------+-----
Stealth        | 6 7 8 9 |  9.6
Short Blades   | 3 |  3.8
Dodging        | 2 |  2.2
Throwing       | 3 |  3.1
Fighting       | |  2.6

Action                   |  1- 3 |  4- 6 |  7- 9 || total
-------------------------+-------+-------+-------++-------
Melee: Dagger            |    59 |   118 |     9 ||   186
       Constrict         |    12 |    24 |     3 ||    39
       Tentacles         |     9 |    16 |     1 ||    26
  Use: Scroll            |     6 |     2 |     2 ||    10
       Potion            |     1 |       |       ||     1
 Stab: Sleeping          |    11 |    12 |       ||    23
       Distracted        |       |     2 |     1 ||     3
  Eat: Chunk             |       |     7 |       ||     7
Armor: Skin              |     3 |     3 |     1 ||     7
Dodge: Dodged            |    20 |    49 |     5 ||    74

Table legend:
 A = Non-vault XP
 B = Vault XP
 C = Vault XP percentage of total XP
 D = Non-vault monster count
 E = Vault monster count
 F = Vault count percentage of total count
                 A         B        C        D         E       F
            +---------+---------+-------+---------+---------+-------
      Total |     488 |     326 |  40.0 |      77 |      11 |  12.5
            +---------+---------+-------+---------+---------+-------
        D:1 |      37 |       0 |   0.0 |      21 |       0 |   0.0
        D:2 |     124 |      22 |  15.1 |      31 |       9 |  22.5
        D:3 |     146 |       0 |   0.0 |      21 |       0 |   0.0
        D:4 |     181 |     304 |  62.7 |       4 |       2 |  33.3
            +---------+---------+-------+---------+---------+-------
